 Dungeon Crawl Stone Soup version 0.19-a0-1170-g18f0c96 (webtiles) character file.

894 4thArraOfDagon the Grappler (level 7, -4/61 HPs)
             Began as a Troll Artificer on Aug 16, 2016.
             Slain by a hippogriff (6 damage)
             ... on level 7 of the Dungeon.
             The game lasted 00:05:06 (1188 turns).

4thArraOfDagon the Grappler (Troll Artificer)       Turns: 1188, Time: 00:05:07

Health: -4/61      AC:  7    Str: 21    XL:     7   Next: 78%
Magic:  7/7        EV: 10    Int:  9    God:
Gold:   175        SH:  0    Dex: 10    Spells: 0 memorised, 6 levels left

rFire  . . .     SeeInvis .       - Unarmed
rCold  . . .     Gourm    +     k - -1 robe (curse)
rNeg   . . .     Faith    .     (no shield)
rPois  .         Spirit   .     (helmet restricted)
rElec  .         Dismiss  .     a - +2 cloak
rCorr  .         Reflect  .     (gloves unavailable)
MR     .....     Harm     .     (boots unavailable)
Stlth  +.........               (no amulet)
                                (no ring)
                                (no ring)

@: no status effects
A: unfitting armour, claws 3, fast metabolism 3, gourmand, regeneration 2,
shaggy fur 1, tough skin 2
a: no special abilities


You were on level 7 of the Dungeon.
You were full.

You visited 1 branch of the dungeon, and saw 7 of its levels.

You collected 175 gold pieces.

Inventory:

Armour
 a - a +2 cloak (worn)
 b - a +0 robe
 k - a cursed -1 robe (worn)
Wands
 c - a wand of flame (13/48)
 d - a wand of enslavement (18/24)
 e - a wand of random effects (14/48)
 n - a wand of confusion (4/48)
 p - a wand of slowing (11/48)
Scrolls
 i - 2 scrolls of recharging
 l - 2 scrolls of blinking {unknown}
 o - a scroll of random uselessness {unknown}
 q - a scroll of remove curse {unknown}
 r - a scroll of fear {unknown}
Potions
 g - a potion of magic {unknown}
 j - a potion of lignification {unknown}
 m - a potion of might {unknown}
 s - a potion of heal wounds {unknown}
Comestibles
 f - 3 bread rations
 h - 4 meat rations


   Skills:
 - Level 0.7 Fighting
   Level 0.7 Short Blades
 - Level 1.5 Dodging
 - Level 0.4 Stealth
 * Level 8.8 Unarmed Combat
 - Level 2.1 Evocations


You had 6 spell levels left.
You didn't know any spells.

Dungeon Overview and Level Annotations

Branches:
Dungeon (7/15)
 Temple: D:4-7

Altars:

Annotations:
D:3 Sigmund
D:5 Eustachio


Innate Abilities, Weirdness & Mutations

You are too large for most types of armour.
You have claws for hands.
Your metabolism is lightning-fast.
You like to eat raw meat.
You heal very quickly.
You are covered in fur. (AC +1)
You have very tough skin. (AC +2)


Message History

The hippogriff is almost dead.
The hippogriff barely misses you.
The hippogriff pecks you but does no damage.
The hippogriff claws you.
* * * LOW HITPOINT WARNING * * *
You are too injured to fight recklessly!
You are too injured to fight recklessly!
You barely miss the hippogriff.
The hippogriff is almost dead.
You feel sick.
You are no longer poisoned.
Unknown command.
You barely miss the hippogriff.
The hippogriff is almost dead.
The hippogriff bites you.
* * * LOW HITPOINT WARNING * * *
The hippogriff pecks you.
* * * LOW HITPOINT WARNING * * *
The hippogriff claws you.
You die...

## ## ### .. ..#
#.. .. #.# #.# .#
#.# #.# .# #.# #.#
###.# #.###.###.#.#
#.#####.#....).#@H#
#.........#.#.###.#
#######.###..## #..
.....##.# #.#.#
##.. ####.##.#
#.##.# .# #....#
#.# #.# # #.####
#.. ... #.# ### ##
####.#


You could see a hippogriff.

Vanquished Creatures
  A water moccasin (D:6)
  A phantom (D:5)
  2 centaurs (D:5)
  A wyvern zombie (D:7)
  A scorpion (D:7)
  A centaur zombie (D:5)
  A hound (D:5)
  A jelly (D:5)
  A giant frog skeleton (D:6)
  An iguana (D:6)
  4 orc wizards
  2 worker ants (D:4)
  5 adders
  An adder skeleton (D:4)
  A worm (D:3)
  7 orcs
  3 goblins
  2 hobgoblins
  8 jackals
  2 kobolds
  A quokka (D:6)
  3 bats
  A giant cockroach zombie (D:5)
  A giant gecko skeleton (D:4)
  A quokka zombie (D:5)
  2 rats
55 creatures vanquished.

Vanquished Creatures (collateral kills)
  A killer bee (D:5)
1 creature vanquished.

Vanquished Creatures (others)
  2 killer bees (D:5)
2 creatures vanquished.

Grand Total: 58 creatures vanquished

Notes
Turn   | Place    | Note
-------+----------+-------------------------------------------
     0 | D:1      | 4thArraOfDagon the Troll Artificer began the quest for the Orb.
     0 | D:1      | Reached XP level 1. HP: 18/18 MP: 1/1
    98 | D:2      | Reached skill level 1 in Unarmed Combat
   105 | D:2      | Reached skill level 2 in Unarmed Combat
   105 | D:2      | Reached XP level 2. HP: 26/26 MP: 2/2
   230 | D:3      | Noticed Sigmund
   241 | D:3      | Reached skill level 3 in Unarmed Combat
   241 | D:3      | Reached XP level 3. HP: 16/32 MP: 3/3
   251 | D:3      | Reached XP level 4. HP: 14/40 MP: 4/4
   276 | D:3      | Reached skill level 4 in Unarmed Combat
   399 | D:4      | Reached XP level 5. HP: 45/46 MP: 5/5
   400 | D:4      | Reached skill level 5 in Unarmed Combat
   480 | D:5      | Entered Level 5 of the Dungeon
   480 | D:5      | Noticed a centaur
   487 | D:5      | Killed a centaur
   487 | D:5      | Reached skill level 6 in Unarmed Combat
   487 | D:5      | Reached XP level 6. HP: 36/54 MP: 6/6
   699 | D:6      | Reached skill level 7 in Unarmed Combat
   725 | D:5      | Noticed Eustachio
   781 | D:5      | Reached XP level 7. HP: 55/61 MP: 7/7
   877 | D:6      | Reached skill level 8 in Unarmed Combat
  1176 | D:7      | Noticed a hippogriff
  1188 | D:7      | HP: 2/61 [hippogriff (6)]
  1188 | D:7      | Slain by a hippogriff

Vault maps used:
D:1:      eino_arrival_water_cross, minmay_tetromino_s2
D:2:      lemuel_crystal_altar
D:3:      uniq_sigmund
D:4:      first_bread, cheibrodos_gnoll_hut
D:5:      uniq_eustachio
D:6:      uniq_edmund
D:7:      grunt_livestock, minivault_10, serial_park_tiny_2

Skill      XL: |  1  2  3  4  5  6  7 |
---------------+----------------------+-----
Unarmed Combat | 2 3 4 6 7 8 |  8.8
Fighting       | |  0.7
Short Blades   | |  0.7
Dodging        | |  1.5
Stealth        | |  0.4
Evocations     | |  2.1

Action                   |  1- 3 |  4- 6 |  7- 9 || total
-------------------------+-------+-------+-------++-------
Melee: Unarmed           |    52 |    92 |    47 ||   191
       Punch             |       |       |     1 ||     1
Evoke: Wand              |     1 |     6 |     8 ||    15
  Use: Scroll            |       |       |     5 ||     5
 Stab: Sleeping          |       |       |     1 ||     1
  Eat: Chunk             |     7 |     5 |     1 ||    13
Armor: Robe              |    26 |    40 |    10 ||    76
Dodge: Dodged            |    20 |    43 |    24 ||    87
